 Dungeon Crawl Stone Soup version 0.27.0-1-g7a089689b8 (console) character file.

Game seed: 10837038664165069391

333 jejorda2 the Ruffian (level 6, -4/51 HPs)
             Began as a Ghoul Enchanter on July 31, 2021.
             Slain by Sigmund (7 damage)
             ... on level 4 of the Dungeon.
             The game lasted 00:09:36 (3861 turns).

jejorda2 the Ruffian (Ghoul Enchanter)              Turns: 3861, Time: 00:09:36

Health: -4/51      AC:  8    Str: 14    XL:     6   Next: 53%
Magic:  7/7        EV:  6    Int: 10    God:
Gold:   71         SH:  0    Dex:  9    Spells: 7/8 levels left

rFire    . . .     SeeInvis .     - Unarmed
rCold    + . .     Faith    .   (no shield)
rNeg     + + +     Spirit   .   i - +0 chain mail
rPois    ∞         Reflect  .   (no helmet)
rElec    .         Harm     .   (no cloak)
rCorr    .         Rampage  .   (no gloves)
Will     .....                  (no boots)
Stlth    ..........             (no amulet)
HPRegen  0.00/turn              (no ring)
MPRegen  0.10/turn              (no ring)

@: inhibited regen
A: claws 1, cold resistance 1, negative energy resistance 3, inhibited
regeneration, torment resistance 2
a: no special abilities


You were on level 4 of the Dungeon.
You visited 1 branch of the dungeon, and saw 5 of its levels.

You collected 71 gold pieces.

Inventory:

Hand Weapons
 a - a +1 dagger
Missiles
 c - 132 stones
 d - 6 datura-tipped darts
 g - 25 poisoned darts (quivered)
 m - 6 javelins
Armour
 i - a +0 chain mail (worn)
Jewellery
 k - a ring of see invisible
Scrolls
 f - 7 scrolls of identify {unknown}
 h - a scroll of fear {unknown}
 j - a scroll of summoning {unknown}
 l - 3 scrolls of magic mapping {unknown}
 n - a scroll of blinking {unknown}
 p - a scroll of amnesia {unknown}
 q - a scroll of fog {unknown}
 r - a scroll of teleportation {unknown}
 s - a scroll of noise {unknown}
Potions
 b - a potion of degeneration {unknown}
 e - 2 potions of heal wounds {unknown}
 o - a potion of cancellation {unknown}


   Skills:
 + Level 3.4 Fighting
 - Level 0.8 Short Blades
 + Level 2.0 Armour
 - Level 1.7 Dodging
 - Level 3.2 Stealth
 * Level 5.0 Unarmed Combat
 - Level 1.7 Spellcasting
 - Level 2.4 Hexes


You had 7 spell levels left.
You knew the following spells:

 Your Spells              Type           Power      Damage    Failure   Level
a - Corona                Hex            5%         N/A       97%         1

Your spell library contained the following spells:

 Spells                   Type           Power      Damage    Failure   Level
 Sandblast                Erth           0%         2d4       100%        1
 Ensorcelled Hibernation  Hex/Ice        6%         N/A       100%        2
 Passwall                 Tmut/Erth      0%         N/A       100%        2
 Call Canine Familiar     Summ           0%         N/A       100%        3
 Confusing Touch          Hex            5%         N/A       100%        3
 Dazzling Flash           Conj/Hex       6%         N/A       100%        3
 Frozen Ramparts          Ice            0%         1d2       100%        3
 Portal Projectile        Hex/Tloc       6%         N/A       100%        3
 Tukima's Dance           Hex            5%         N/A       100%        3
 Leda's Liquefaction      Hex/Erth       1%         N/A       100%        4
 Summon Ice Beast         Ice/Summ       0%         N/A       100%        4
 Lee's Rapid Deconstruct  Erth           0%         3d5*      100%        5
 Ice Form                 Ice/Tmut       Unusable   N/A       N/A         4

Dungeon Overview and Level Annotations

Branches:
Dungeon (5/15)
 Temple: D:4-7

Altars:
Ru

Annotations:
D:4 Sigmund


Innate Abilities, Weirdness & Mutations

You thrive by killing the living.
You are immune to poison.
You have sharp fingernails.
Your flesh is cold resistant. (rC+)
You are immune to negative energy. (rN+++)
You do not regenerate when monsters are visible.
You are immune to unholy pain and torment.


Message History

The adder bites you.
* * * LOW HITPOINT WARNING * * *
You scratch the adder.
You kill the adder!
You see here an adder corpse.
Found 11 gold pieces.
A gnoll comes into view. It is wielding a +0 halberd.
The gnoll shouts!
You hear a shout!
A scorpion comes into view.
There is a stone staircase leading up here.
You climb upwards.
Level annotation: Sigmund The ball python hisses angrily.
The orc shouts!
An orc comes into view. It is wielding a +0 whip.
An orc comes into view. It is wielding a +0 short sword.
Found 12 gold pieces.
There is a stone staircase leading down here.
Unknown command.
A water moccasin skeleton comes into view.
The ball python barely misses you. The ball python completely misses you.
The ball python bites you but does no damage.
The ball python grabs you. The ball python constricts you.
Found a scroll labelled TOS ERAWO ELI.
You escape the ball python's grasp.
The orc shouts!
You hear a shout!
An orc priest comes into view. It is wielding a +0 mace.
The ball python bites you but does no damage.
The ball python barely misses you.
The orc shouts!
The ball python bites you but does no damage.
The ball python grabs you.
* * * LOW HITPOINT WARNING * * *
The ball python constricts you.
You escape the ball python's grasp.
The ball python bites you but does no damage.
The ball python grabs you. The ball python constricts you.
You escape the ball python's grasp.
Sigmund shouts!
Sigmund hits you with a +0 scythe!
You die...

#...... #....#.
#.#... #### #.##.#
... #.##.#### #.##
#.#..[..#
####..#######.#..##.#
+............>#..##.#
#####.####.##@...##.#
#..# #S##@#.###.#
##w# #.##...# #.####
#.# #.###### #....#
#.# #o# ###.##
#.###.# #.# #..##o#
#.# ##)##.# #<#
#.##.# ###


You could see Sigmund.

Vanquished Creatures
  Blork the orc (D:4)
  A scorpion (D:3)
  A howler monkey (D:3)
  An orc priest (D:3)
  3 adders
  An adder skeleton (D:4)
  A worm (D:2)
  3 dart slugs (D:1)
  5 orcs
  5 ball pythons
  7 endoplasms
  A giant cockroach (D:3)
  8 goblins
  10 hobgoblins
  16 jackals
  2 quokkas (D:1)
  6 bats
  5 frilled lizards
  10 kobolds
  4 rats
91 creatures vanquished.

Vanquished Creatures (others)
  A fungus (D:1)
1 creature vanquished.

Grand Total: 92 creatures vanquished

Notes
Turn   | Place    | Note
-------+----------+-------------------------------------------
     0 | D:1      | jejorda2 the Ghoul Enchanter began the quest for the Orb.
     0 | D:1      | Reached XP level 1. HP: 14/14 MP: 2/2
   169 | D:1      | Reached skill level 1 in Unarmed Combat
   176 | D:1      | Reached XP level 2. HP: 18/22 MP: 3/3
   181 | D:1      | Reached skill level 1 in Fighting
   514 | D:1      | Reached skill level 2 in Unarmed Combat
   632 | D:1      | Reached XP level 3. HP: 28/28 MP: 4/4
  1193 | D:1      | Found a faded altar of an unknown god.
  1458 | D:2      | Reached skill level 3 in Unarmed Combat
  1467 | D:2      | Reached XP level 4. HP: 36/36 MP: 5/5
  2635 | D:3      | Reached skill level 1 in Armour
  2635 | D:3      | Reached XP level 5. HP: 36/42 MP: 6/6
  2810 | D:3      | Reached skill level 4 in Unarmed Combat
  2829 | D:3      | Found a sacrificial altar of Ru.
  3192 | D:3      | Reached XP level 6. HP: 42/51 MP: 7/7
  3533 | D:4      | Noticed Blork the orc
  3545 | D:4      | Killed Blork the orc
  3546 | D:4      | Reached skill level 5 in Unarmed Combat
  3777 | D:4      | Noticed Sigmund
  3820 | D:5      | Entered Level 5 of the Dungeon
  3861 | D:4      | Slain by Sigmund

Illustrated notes

Levels and vault maps discovered:
D:1:      lemuel_arrival_hallway, layout_basic, dreamdust_ecumenical_altar_grove
D:2:      layout_basic, minmay_randomly_rotated_circles
D:3:      layout_basic, mainiacjoe_overflow_brackets
D:4:      layout_basic, minmay_temple_entry_fiery, uniq_blork_the_orc,
          uniq_sigmund, uniq_pikel
D:5:      layout_loops_cross, mainiacjoe_overflow_alcove_4,
          mainiacjoe_overflow_surrounded_room, uniq_duvessa

Skill      XL: |  1  2  3  4  5  6 |
---------------+-------------------+-----
Unarmed Combat | 1 2 3 4 5 |  5.0
Fighting       | 1 2 3 |  3.4
Armour         | 1 2 |  2.0
Short Blades   | |  0.8
Dodging        | |  1.7
Stealth        | |  3.2
Spellcasting   | |  1.7
Hexes          | |  2.4

Action                   |  1- 3 |  4- 6 || total
-------------------------+-------+-------++-------
Melee: Dagger            |   153 |       ||   153
       Unarmed           |    17 |   185 ||   202
Throw: Stone             |    10 |     4 ||    14
       Dart              |       |     3 ||     3
 Stab: Sleeping          |     6 |       ||     6
Armor: Ring mail         |    80 |    22 ||   102
       Chain mail        |       |    80 ||    80
Dodge: Dodged            |    64 |    63 ||   127
